2903 views
Uploaded 2020-01-24 00:06:18
Game version 1.32.0.6
34:00 long 4on4 ladder game on (8)NerubianPassage
Saved by ChuckleMan
2903 views
Uploaded 2020-01-24 00:06:18
Game version 1.32.0.6
34:00 long 4on4 ladder game on (8)NerubianPassage


187 units @ 29.8k
/ 5.6k
218 buildings @ 14.8k
/ 7.3k


| Peasant | 12 | 900 | / | 0 |
| Footman | 2 | 270 | / | 0 |
| Rifleman | 32 | 6560 | / | 960 |
| Gryphon Rider | 4 | 1120 | / | 280 |
| total: | 50 | 8850g | / | 1240w |
| Altar of Kings | 1 | 180 | / | 50 |
| Barracks | 2 | 320 | / | 120 |
| Farm | 13 | 1040 | / | 260 |
| Blacksmith | 1 | 140 | / | 60 |
| Lumber Mill | 2 | 240 | / | 0 |
| Town Hall | 2 | 770 | / | 410 |
| Arcane Vault | 1 | 130 | / | 30 |
| Gryphon Aviary | 2 | 280 | / | 300 |
| Keep | 2 | 640 | / | 420 |
| Castle | 2 | 720 | / | 420 |
| total: | 24 | 3100g | / | 1230w |
| 0:08 | Altar of Kings |
| 0:12 | Barracks |
| 0:14 | Peasant |
| 0:34 | Farm |
| 0:36 | Peasant |
| 0:54 | Peasant |
| 1:17 | Footman |
| 1:17 | Footman |
| 1:31 | Farm |
| 1:36 | Peasant |
| 2:03 | Blacksmith |
| 2:16 | Farm |
| 2:21 | Summon Water Elemental |
| 3:17 | Peasant |
| 3:21 | Black Gunpowder |
| 3:22 | Rifleman |
| 4:20 | Peasant |
| 4:20 | Peasant |
| 4:26 | Lumber Mill |
| 4:39 | Keep |
| 4:54 | Rifleman |
| 4:54 | Rifleman |
| 5:41 | Farm |
| 5:46 | Rifleman |
| 6:49 | Rifleman |
| 6:49 | Rifleman |
| 7:12 | Blizzard |
| 7:14 | Summon Water Elemental |
| 7:25 | Long Rifles |
| 7:27 | Refined Gunpowder |
| 7:33 | Farm |
| 7:38 | Rifleman |
| 8:49 | Rifleman |
| 8:49 | Rifleman |
| 8:50 | Studded Leather Armor |
| 8:55 | Improved Lumber Harvesting |
| 9:03 | Devotion Aura |
| 9:44 | Farm |
| 9:48 | Castle |
| 10:22 | Rifleman |
| 10:46 | Rifleman |
| 10:50 | Farm |
| 11:12 | Reinforced Leather Armor |
| 13:40 | Rifleman |
| 13:41 | Rifleman |
| 13:45 | Farm |
| 13:51 | Imbued Gunpowder |
| 15:22 | Farm |
| 15:39 | Town Hall |
| 15:43 | Town Hall |
| 16:05 | Holy Light |
| 16:38 | Rifleman |
| 16:39 | Rifleman |
| 16:39 | Rifleman |
| 17:34 | Dragonhide Armor |
| 18:02 | Farm |
| 18:47 | Rifleman |
| 18:48 | Rifleman |
| 18:48 | Rifleman |
| 20:11 | Keep |
| 22:20 | Rifleman |
| 22:21 | Rifleman |
| 23:06 | Rifleman |
| 23:11 | Peasant |
| 23:11 | Peasant |
| 23:14 | Peasant |
| 23:35 | Summon Water Elemental |
| 23:35 | Brilliance Aura |
| 23:39 | Brilliance Aura |
| 24:05 | Castle |
| 24:25 | Farm |
| 25:46 | Rifleman |
| 25:46 | Rifleman |
| 25:47 | Rifleman |
| 26:48 | Rifleman |
| 27:50 | Rifleman |
| 27:51 | Rifleman |
| 27:51 | Rifleman |
| 27:58 | Barracks |
| 28:41 | Gryphon Aviary |
| 28:48 | Gryphon Aviary |
| 29:11 | Rifleman |
| 29:11 | Rifleman |
| 29:41 | Arcane Vault |
| 29:53 | Peasant |
| 29:53 | Peasant |
| 30:17 | Storm Hammers |
| 30:24 | Rifleman |
| 30:42 | Lumber Mill |
| 31:00 | Farm |
| 31:06 | Gryphon Rider |
| 31:06 | Gryphon Rider |
| 31:06 | Gryphon Rider |
| 31:06 | Gryphon Rider |
| 32:49 | Farm |
| Right click | 1011 |
| Select | 391 |
| Select group | 276 |
| Misc. action | 131 |
| Build/train/purchase | 95 |
| Use ability | 11 |
| Assign group | 8 |
| Minimap ping | 3 |
| Remove unit | 1 |
ChuckleMan
(103)
(33:59) : 


| Staff of Sanctuary | 1 | 250 |
| Potion of Healing | 1 | 150 |
| Scroll of Healing | 1 | 250 |
| Staff of Teleportation | 3 | 450 |
| Boots of Speed | 3 | 750 |
| Orb of Corruption | 2 | 750 |
| total: | 11 | 2600g |
| Peasant | 16 | 1200 | / | 0 |
| Sorceress | 1 | 155 | / | 20 |
| Priest | 1 | 135 | / | 10 |
| Goblin Shredder | 3 | 1125 | / | 300 |
| Goblin Zeppelin | 2 | 480 | / | 120 |
| total: | 23 | 3095g | / | 450w |
| Scout Tower | 150 | 4500 | / | 3000 |
| Guard Tower | 32 | 2240 | / | 1600 |
| Arcane Tower | 2 | 140 | / | 100 |
| Altar of Kings | 1 | 180 | / | 50 |
| Farm | 5 | 400 | / | 100 |
| Lumber Mill | 3 | 360 | / | 0 |
| Town Hall | 2 | 770 | / | 410 |
| Arcane Vault | 1 | 130 | / | 30 |
| Arcane Sanctum | 1 | 150 | / | 140 |
| Keep | 1 | 320 | / | 210 |
| Castle | 1 | 360 | / | 210 |
| total: | 163 | 6490g | / | 3730w |
| 0:11 | Peasant |
| 0:11 | Peasant |
| 0:17 | Altar of Kings |
| 0:20 | Farm |
| 0:23 | Peasant |
| 0:44 | Peasant |
| 0:56 | Lumber Mill |
| 1:00 | Farm |
| 1:03 | Peasant |
| 1:13 | Scout Tower |
| 1:19 | Peasant |
| 1:23 | Peasant |
| 1:35 | Peasant |
| 1:37 | Scout Tower |
| 1:52 | Peasant |
| 2:03 | Guard Tower |
| 2:06 | Scout Tower |
| 2:09 | Peasant |
| 2:15 | Scout Tower |
| 2:19 | Blizzard |
| 2:23 | Guard Tower |
| 2:25 | Peasant |
| 2:32 | Guard Tower |
| 2:35 | Scout Tower |
| 2:42 | Peasant |
| 2:43 | Peasant |
| 2:43 | Peasant |
| 2:45 | Arcane Tower |
| 2:48 | Scout Tower |
| 2:52 | Farm |
| 2:55 | Peasant |
| 3:00 | Scout Tower |
| 3:03 | Guard Tower |
| 3:07 | Peasant |
| 3:21 | Scout Tower |
| 3:30 | Guard Tower |
| 3:45 | Scout Tower |
| 4:01 | Keep |
| 4:25 | Guard Tower |
| 5:02 | Scout Tower |
| 5:19 | Guard Tower |
| 5:20 | Improved Masonry |
| 5:30 | Scout Tower |
| 5:32 | Guard Tower |
| 5:40 | Town Hall |
| 5:43 | Scout Tower |
| 5:44 | Scout Tower |
| 5:44 | Scout Tower |
| 5:45 | Scout Tower |
| 6:11 | Guard Tower |
| 6:17 | Brilliance Aura |
| 6:59 | Rain of Fire |
| 8:02 | Castle |
| 8:15 | Advanced Masonry |
| 8:15 | Improved Lumber Harvesting |
| 8:16 | Arcane Sanctum |
| 9:09 | Goblin Shredder |
| 9:45 | Cleaving Attack |
| 9:57 | Sorceress |
| 9:58 | Sorceress Adept Training |
| 9:58 | Magic Sentry |
| 10:39 | Staff of Teleportation |
| 10:40 | Boots of Speed |
| 10:46 | Scout Tower |
| 10:47 | Scout Tower |
| 10:48 | Scout Tower |
| 10:49 | Scout Tower |
| 10:52 | Imbued Masonry |
| 10:53 | Advanced Lumber Harvesting |
| 11:02 | Scout Tower |
| 11:03 | Scout Tower |
| 11:04 | Scout Tower |
| 11:04 | Scout Tower |
| 11:06 | Goblin Zeppelin |
| 11:16 | Scout Tower |
| 11:16 | Scout Tower |
| 11:18 | Scout Tower |
| 11:19 | Scout Tower |
| 11:19 | Scout Tower |
| 11:20 | Scout Tower |
| 11:20 | Scout Tower |
| 11:21 | Scout Tower |
| 11:23 | Guard Tower |
| 11:24 | Scout Tower |
| 11:24 | Scout Tower |
| 11:25 | Scout Tower |
| 11:25 | Scout Tower |
| 11:35 | Staff of Teleportation |
| 11:35 | Boots of Speed |
| 12:31 | Flame Strike |
| 12:34 | Boots of Speed |
| 12:39 | Guard Tower |
| 12:41 | Scout Tower |
| 12:42 | Scout Tower |
| 12:43 | Scout Tower |
| 12:44 | Scout Tower |
| 12:45 | Scout Tower |
| 12:46 | Scout Tower |
| 12:50 | Scout Tower |
| 12:50 | Scout Tower |
| 12:51 | Scout Tower |
| 12:52 | Scout Tower |
| 12:53 | Scout Tower |
| 12:53 | Scout Tower |
| 12:54 | Scout Tower |
| 12:54 | Scout Tower |
| 12:56 | Scout Tower |
| 12:56 | Scout Tower |
| 13:01 | Staff of Teleportation |
| 13:10 | Blizzard |
| 13:31 | Guard Tower |
| 13:38 | Scout Tower |
| 13:39 | Scout Tower |
| 13:40 | Scout Tower |
| 13:40 | Scout Tower |
| 13:41 | Scout Tower |
| 13:41 | Scout Tower |
| 13:42 | Scout Tower |
| 13:42 | Scout Tower |
| 13:50 | Guard Tower |
| 14:47 | Guard Tower |
| 15:38 | Farm |
| 15:42 | Farm |
| 15:45 | Goblin Zeppelin |
| 16:29 | Guard Tower |
| 17:24 | Scout Tower |
| 17:27 | Scout Tower |
| 17:29 | Scout Tower |
| 17:31 | Scout Tower |
| 17:36 | Guard Tower |
| 17:39 | Arcane Vault |
| 17:54 | Goblin Shredder |
| 18:01 | Guard Tower |
| 18:48 | Rain of Fire |
| 19:06 | Siphon Mana |
| 19:12 | Brilliance Aura |
| 19:37 | Guard Tower |
| 19:58 | Guard Tower |
| 20:17 | Staff of Sanctuary |
| 20:36 | Sorceress Master Training |
| 20:38 | Scout Tower |
| 20:41 | Scout Tower |
| 20:59 | Scout Tower |
| 21:00 | Scout Tower |
| 21:00 | Scout Tower |
| 21:01 | Scout Tower |
| 21:01 | Scout Tower |
| 21:01 | Scout Tower |
| 21:02 | Scout Tower |
| 21:05 | Lumber Mill |
| 21:07 | Lumber Mill |
| 22:00 | Goblin Shredder |
| 22:12 | Scout Tower |
| 22:13 | Scout Tower |
| 22:13 | Scout Tower |
| 22:13 | Scout Tower |
| 22:13 | Scout Tower |
| 22:13 | Scout Tower |
| 22:14 | Scout Tower |
| 22:14 | Scout Tower |
| 22:14 | Scout Tower |
| 22:14 | Scout Tower |
| 22:14 | Scout Tower |
| 22:14 | Scout Tower |
| 22:15 | Scout Tower |
| 22:15 | Scout Tower |
| 22:15 | Scout Tower |
| 22:41 | Siphon Mana |
| 22:47 | Guard Tower |
| 22:56 | Scout Tower |
| 22:57 | Scout Tower |
| 22:57 | Scout Tower |
| 22:58 | Scout Tower |
| 22:58 | Scout Tower |
| 22:58 | Scout Tower |
| 22:59 | Scout Tower |
| 22:59 | Scout Tower |
| 23:00 | Scout Tower |
| 23:00 | Scout Tower |
| 23:00 | Scout Tower |
| 23:01 | Scout Tower |
| 23:01 | Scout Tower |
| 23:02 | Scout Tower |
| 23:02 | Scout Tower |
| 23:02 | Scout Tower |
| 23:02 | Scout Tower |
| 23:03 | Scout Tower |
| 23:03 | Scout Tower |
| 23:04 | Scout Tower |
| 23:04 | Scout Tower |
| 23:04 | Scout Tower |
| 23:04 | Scout Tower |
| 23:05 | Scout Tower |
| 23:05 | Scout Tower |
| 23:06 | Scout Tower |
| 23:06 | Scout Tower |
| 23:06 | Scout Tower |
| 23:10 | Guard Tower |
| 23:12 | Priest Adept Training |
| 23:17 | Guard Tower |
| 23:31 | Cleaving Attack |
| 23:50 | Blizzard |
| 23:57 | Guard Tower |
| 24:16 | Scout Tower |
| 24:17 | Scout Tower |
| 24:17 | Scout Tower |
| 24:17 | Scout Tower |
| 24:17 | Scout Tower |
| 24:17 | Scout Tower |
| 24:17 | Scout Tower |
| 24:18 | Scout Tower |
| 24:18 | Scout Tower |
| 24:19 | Scout Tower |
| 24:19 | Scout Tower |
| 24:19 | Scout Tower |
| 24:19 | Scout Tower |
| 24:19 | Scout Tower |
| 24:19 | Scout Tower |
| 24:20 | Scout Tower |
| 24:20 | Scout Tower |
| 24:20 | Scout Tower |
| 24:20 | Scout Tower |
| 24:20 | Scout Tower |
| 24:20 | Scout Tower |
| 25:24 | Guard Tower |
| 25:38 | Guard Tower |
| 25:43 | Scout Tower |
| 25:44 | Scout Tower |
| 25:44 | Scout Tower |
| 25:44 | Scout Tower |
| 25:44 | Scout Tower |
| 25:57 | Guard Tower |
| 26:07 | Guard Tower |
| 26:12 | Scout Tower |
| 26:12 | Scout Tower |
| 26:12 | Scout Tower |
| 26:12 | Scout Tower |
| 26:16 | Scout Tower |
| 26:16 | Scout Tower |
| 26:16 | Scout Tower |
| 26:17 | Scout Tower |
| 26:17 | Scout Tower |
| 26:56 | Flame Strike |
| 27:17 | Rain of Fire |
| 27:36 | Mass Teleport |
| 27:49 | Guard Tower |
| 28:06 | Guard Tower |
| 28:07 | Guard Tower |
| 28:49 | Guard Tower |
| 28:52 | Guard Tower |
| 29:07 | Arcane Tower |
| 30:36 | Orb of Corruption |
| 30:41 | Priest |
| 30:42 | Priest Master Training |
| 31:49 | Flame Strike |
| 32:31 | Doom |
| 33:13 | Orb of Corruption |
| 33:14 | Scroll of Healing |
| 33:15 | Potion of Healing |
| 33:36 | Town Hall |
| Right click | 1238 |
| Select group | 503 |
| Select | 329 |
| Use ability | 181 |
| Build/train/purchase | 153 |
| Chat | 152 |
| Misc. action | 43 |
| Assign group | 42 |
| Resource trade | 34 |
| Item give/drop | 4 |
| Minimap ping | 4 |
| Esc | 2 |



| Wisp | 21 | 1260 | / | 0 |
| Archer | 27 | 3510 | / | 270 |
| Dryad | 25 | 3625 | / | 1500 |
| Hippogryph | 7 | 1120 | / | 140 |
| Druid of the Claw | 2 | 510 | / | 160 |
| total: | 82 | 10025g | / | 2070w |
| Ancient Protector | 2 | 270 | / | 160 |
| Ancient of War | 1 | 150 | / | 60 |
| Moon Well | 9 | 1620 | / | 360 |
| Altar of Elders | 1 | 180 | / | 50 |
| Hunter's Hall | 1 | 210 | / | 100 |
| Tree of Life | 1 | 340 | / | 185 |
| Ancient of Wonders | 1 | 90 | / | 30 |
| Ancient of Lore | 2 | 310 | / | 290 |
| Ancient of Wind | 1 | 150 | / | 140 |
| Tree of Ages | 1 | 320 | / | 180 |
| Tree of Eternity | 1 | 330 | / | 200 |
| total: | 19 | 3320g | / | 1375w |
| 0:07 | Wisp |
| 0:07 | Wisp |
| 0:07 | Wisp |
| 0:14 | Ancient of War |
| 0:19 | Wisp |
| 0:23 | Moon Well |
| 0:41 | Altar of Elders |
| 0:43 | Wisp |
| 1:10 | Wisp |
| 1:10 | Wisp |
| 1:26 | Archer |
| 1:47 | Archer |
| 1:55 | Moon Well |
| 2:50 | Moon Well |
| 2:53 | Archer |
| 2:53 | Archer |
| 3:00 | Searing Arrows |
| 3:08 | Archer |
| 3:25 | Wisp |
| 3:37 | Archer |
| 3:37 | Archer |
| 3:45 | Hunter's Hall |
| 4:07 | Moon Well |
| 4:14 | Archer |
| 4:34 | Tree of Ages |
| 4:59 | Ancient Protector |
| 5:04 | Ancient Protector |
| 5:15 | Archer |
| 5:35 | Strength of the Moon |
| 6:29 | Archer |
| 6:29 | Archer |
| 6:29 | Archer |
| 6:29 | Archer |
| 6:46 | Moon Armor |
| 6:55 | Wisp |
| 6:55 | Wisp |
| 7:02 | Ancient of Lore |
| 7:52 | Black Arrow |
| 8:13 | Dryad |
| 8:23 | Moon Well |
| 9:00 | Trueshot Aura |
| 9:11 | Abolish Magic |
| 9:16 | Wisp |
| 9:18 | Wisp |
| 9:53 | Dryad |
| 9:53 | Dryad |
| 9:54 | Dryad |
| 9:56 | Archer |
| 9:56 | Archer |
| 9:56 | Archer |
| 9:56 | Archer |
| 11:39 | Tree of Life |
| 11:58 | Archer |
| 11:58 | Archer |
| 11:58 | Archer |
| 12:01 | Improved Bows |
| 12:38 | Silence |
| 12:52 | Moon Well |
| 13:06 | Tree of Eternity |
| 13:28 | Improved Moon Armor |
| 14:49 | Wisp |
| 14:49 | Wisp |
| 14:49 | Wisp |
| 14:49 | Wisp |
| 14:51 | Wisp |
| 14:56 | Dryad |
| 14:56 | Dryad |
| 15:16 | Moon Well |
| 15:37 | Dryad |
| 15:42 | Wisp |
| 15:42 | Wisp |
| 17:22 | Searing Arrows |
| 17:46 | Dryad |
| 17:46 | Dryad |
| 17:46 | Dryad |
| 17:53 | Moon Well |
| 17:58 | Improved Strength of the Moon |
| 18:03 | Strength of the Wild |
| 18:03 | Reinforced Hides |
| 18:22 | Ancient of Lore |
| 18:26 | Ancient of Wind |
| 18:40 | Dryad |
| 18:42 | Archer |
| 18:42 | Archer |
| 18:42 | Archer |
| 20:12 | Dryad |
| 20:13 | Dryad |
| 20:13 | Dryad |
| 20:15 | Improved Strength of the Wild |
| 20:15 | Improved Reinforced Hides |
| 20:22 | Druid of the Claw Adept Training |
| 20:24 | Dryad |
| 20:25 | Dryad |
| 20:59 | Wisp |
| 20:59 | Wisp |
| 21:06 | Ancient of Wonders |
| 21:16 | Black Arrow |
| 21:27 | Druid of the Claw Master Training |
| 21:39 | Hippogryph |
| 21:39 | Hippogryph |
| 21:40 | Hippogryph |
| 21:41 | Hippogryph |
| 21:46 | Moon Well |
| 22:51 | Advanced Strength of the Wild |
| 24:02 | Advanced Strength of the Moon |
| 24:04 | Advanced Reinforced Hides |
| 25:01 | Mark of the Claw |
| 25:12 | Archer |
| 25:12 | Archer |
| 25:13 | Archer |
| 25:13 | Archer |
| 25:15 | Marksmanship |
| 25:40 | Thorns Aura |
| 25:49 | Dryad |
| 25:49 | Dryad |
| 25:49 | Dryad |
| 25:55 | Hippogryph |
| 25:55 | Hippogryph |
| 25:55 | Hippogryph |
| 26:58 | Trueshot Aura |
| 27:27 | Entangling Roots |
| 27:50 | Life Drain |
| 28:07 | Dryad |
| 28:07 | Dryad |
| 28:07 | Dryad |
| 28:07 | Dryad |
| 29:10 | Dryad |
| 29:11 | Dryad |
| 33:18 | Searing Arrows |
| 33:21 | Thorns Aura |
| 33:41 | Druid of the Claw |
| 33:43 | Druid of the Claw |
| Right click | 681 |
| Select | 382 |
| Build/train/purchase | 120 |
| Misc. action | 74 |
| Use ability | 5 |
| Remove unit | 3 |

| Circlet of Nobility | 1 | 175 |
| Periapt of Vitality | 1 | 325 |
| Book of the Dead | 1 | 450 |
| total: | 3 | 950g |
| Acolyte | 4 | 300 | / | 0 |
| Ghoul | 3 | 360 | / | 0 |
| Crypt Fiend | 13 | 2795 | / | 520 |
| Gargoyle | 1 | 175 | / | 30 |
| Frost Wyrm | 11 | 4235 | / | 1320 |
| total: | 32 | 7865g | / | 1870w |
| Spirit Tower | 3 | 435 | / | 120 |
| Nerubian Tower | 2 | 200 | / | 40 |
| Altar of Darkness | 1 | 180 | / | 50 |
| Ziggurat | 5 | 750 | / | 250 |
| Crypt | 1 | 200 | / | 50 |
| Graveyard | 1 | 215 | / | 0 |
| Tomb of Relics | 1 | 130 | / | 30 |
| Sacrificial Pit | 1 | 75 | / | 150 |
| Boneyard | 2 | 350 | / | 400 |
| Halls of the Dead | 1 | 320 | / | 210 |
| Black Citadel | 1 | 325 | / | 230 |
| total: | 12 | 1900g | / | 930w |
| 0:20 | Altar of Darkness |
| 0:25 | Ziggurat |
| 0:42 | Acolyte |
| 0:42 | Acolyte |
| 0:43 | Acolyte |
| 1:17 | Crypt |
| 2:07 | Graveyard |
| 2:24 | Ghoul |
| 2:24 | Ghoul |
| 2:24 | Ghoul |
| 2:35 | Vampiric Aura |
| 3:09 | Halls of the Dead |
| 3:41 | Ziggurat |
| 3:44 | Spirit Tower |
| 4:01 | Ziggurat |
| 4:31 | Creature Attack |
| 4:34 | Creature Carapace |
| 4:35 | Unholy Armor |
| 4:38 | Crypt Fiend |
| 5:11 | Spirit Tower |
| 5:15 | Nerubian Tower |
| 5:23 | Crypt Fiend |
| 5:55 | Sacrificial Pit |
| 5:59 | Crypt Fiend |
| 6:04 | Web |
| 6:35 | Gargoyle |
| 6:54 | Black Citadel |
| 8:11 | Improved Creature Attack |
| 9:25 | Carrion Swarm |
| 9:42 | Acolyte |
| 9:53 | Boneyard |
| 10:08 | Boneyard |
| 10:14 | Ziggurat |
| 10:55 | Crypt Fiend |
| 11:07 | Frost Wyrm |
| 11:08 | Freezing Breath |
| 11:21 | Frost Wyrm |
| 11:26 | Nerubian Tower |
| 12:07 | Improved Creature Carapace |
| 12:32 | Frost Wyrm |
| 13:08 | Ziggurat |
| 14:43 | Frost Wyrm |
| 14:48 | Frost Wyrm |
| 14:52 | Frost Wyrm |
| 14:56 | Crypt Fiend |
| 14:56 | Crypt Fiend |
| 14:56 | Crypt Fiend |
| 15:01 | Advanced Creature Attack |
| 15:09 | Spirit Tower |
| 17:47 | Frost Wyrm |
| 17:52 | Crypt Fiend |
| 17:52 | Crypt Fiend |
| 17:52 | Crypt Fiend |
| 18:24 | Frost Wyrm |
| 21:01 | Tomb of Relics |
| 22:03 | Circlet of Nobility |
| 22:05 | Periapt of Vitality |
| 22:32 | Vampiric Aura |
| 23:05 | Frost Wyrm |
| 23:41 | Book of the Dead |
| 26:29 | Sleep |
| 27:19 | Vampiric Aura |
| 27:40 | Frost Wyrm |
| 27:43 | Frost Wyrm |
| 27:47 | Advanced Creature Carapace |
| 28:35 | Crypt Fiend |
| 28:35 | Crypt Fiend |
| 28:35 | Crypt Fiend |
| Select | 192 |
| Right click | 132 |
| Misc. action | 110 |
| Build/train/purchase | 62 |
| Use ability | 14 |
189 units @ 26.6k
/ 3.7k
84 buildings @ 10.1k
/ 4k

| Scroll of Regeneration | 1 | 100 |
| total: | 1 | 100g |
| Peasant | 20 | 1500 | / | 0 |
| Rifleman | 17 | 3485 | / | 510 |
| Priest | 3 | 405 | / | 30 |
| Sorceress | 7 | 1085 | / | 140 |
| Mortar Team | 6 | 1080 | / | 420 |
| Goblin Shredder | 1 | 375 | / | 100 |
| Acolyte | 3 | 225 | / | 0 |
| Ghoul | 5 | 600 | / | 0 |
| Crypt Fiend | 22 | 4730 | / | 880 |
| Gargoyle | 1 | 175 | / | 30 |
| total: | 85 | 13660g | / | 2110w |
| Altar of Kings | 1 | 180 | / | 50 |
| Farm | 13 | 1040 | / | 260 |
| Lumber Mill | 1 | 120 | / | 0 |
| Barracks | 2 | 320 | / | 120 |
| Blacksmith | 1 | 140 | / | 60 |
| Town Hall | 1 | 385 | / | 205 |
| Arcane Vault | 1 | 130 | / | 30 |
| Arcane Sanctum | 3 | 450 | / | 420 |
| Workshop | 2 | 280 | / | 280 |
| Keep | 1 | 320 | / | 210 |
| Castle | 1 | 360 | / | 210 |
| Altar of Darkness | 1 | 180 | / | 50 |
| Ziggurat | 9 | 1350 | / | 450 |
| Crypt | 2 | 400 | / | 100 |
| Graveyard | 1 | 215 | / | 0 |
| Halls of the Dead | 1 | 320 | / | 210 |
| Black Citadel | 1 | 325 | / | 230 |
| total: | 38 | 5190g | / | 2025w |
| 0:13 | Altar of Kings |
| 0:15 | Farm |
| 0:16 | Peasant |
| 0:16 | Peasant |
| 0:16 | Peasant |
| 0:28 | Acolyte |
| 0:28 | Acolyte |
| 0:29 | Acolyte |
| 0:35 | Altar of Darkness |
| 0:37 | Ziggurat |
| 0:54 | Farm |
| 1:03 | Crypt |
| 1:29 | Lumber Mill |
| 1:37 | Peasant |
| 1:37 | Peasant |
| 1:38 | Peasant |
| 1:50 | Ziggurat |
| 2:02 | Graveyard |
| 2:08 | Ghoul |
| 2:08 | Ghoul |
| 2:13 | Peasant |
| 2:22 | Barracks |
| 2:26 | Peasant |
| 2:26 | Peasant |
| 2:26 | Peasant |
| 2:54 | Ghoul |
| 2:54 | Ghoul |
| 2:59 | Ziggurat |
| 3:07 | Death Coil |
| 3:09 | Summon Water Elemental |
| 3:18 | Blacksmith |
| 3:22 | Barracks |
| 3:25 | Peasant |
| 3:33 | Peasant |
| 3:41 | Ghoul |
| 3:49 | Crypt Fiend |
| 3:54 | Crypt |
| 4:09 | Farm |
| 4:10 | Farm |
| 4:22 | Keep |
| 4:33 | Crypt Fiend |
| 4:33 | Crypt Fiend |
| 4:37 | Halls of the Dead |
| 5:00 | Rifleman |
| 5:01 | Rifleman |
| 5:05 | Black Gunpowder |
| 5:15 | Studded Leather Armor |
| 5:22 | Farm |
| 5:25 | Farm |
| 5:37 | Crypt Fiend |
| 5:38 | Creature Attack |
| 6:04 | Rifleman |
| 6:31 | Creature Carapace |
| 6:35 | Ziggurat |
| 6:36 | Ziggurat |
| 6:41 | Crypt Fiend |
| 7:01 | Long Rifles |
| 7:03 | Castle |
| 7:15 | Arcane Sanctum |
| 7:17 | Arcane Sanctum |
| 7:37 | Brilliance Aura |
| 7:44 | Unholy Aura |
| 8:06 | Town Hall |
| 8:49 | Arcane Sanctum |
| 8:53 | Refined Gunpowder |
| 9:04 | Improved Creature Attack |
| 9:04 | Improved Creature Carapace |
| 9:07 | Web |
| 9:07 | Burrow |
| 9:08 | Crypt Fiend |
| 9:08 | Crypt Fiend |
| 9:16 | Ziggurat |
| 9:31 | Death Coil |
| 10:05 | Goblin Shredder |
| 10:17 | Summon Water Elemental |
| 10:35 | Priest Adept Training |
| 10:36 | Sorceress Adept Training |
| 10:37 | Priest |
| 10:38 | Priest |
| 10:47 | Farm |
| 10:48 | Farm |
| 10:49 | Farm |
| 10:49 | Farm |
| 10:55 | Black Citadel |
| 10:58 | Ziggurat |
| 10:59 | Ziggurat |
| 11:03 | Crypt Fiend |
| 11:17 | Imbued Gunpowder |
| 11:29 | Crypt Fiend |
| 11:42 | Priest Master Training |
| 11:53 | Sorceress Master Training |
| 12:28 | Ziggurat |
| 12:32 | Crypt Fiend |
| 12:40 | Sorceress |
| 12:42 | Sorceress |
| 12:44 | Sorceress |
| 12:49 | Farm |
| 12:51 | Farm |
| 12:52 | Farm |
| 13:13 | Reinforced Leather Armor |
| 13:50 | Rifleman |
| 13:51 | Rifleman |
| 14:23 | Advanced Creature Attack |
| 14:24 | Advanced Creature Carapace |
| 14:26 | Death Pact |
| 14:40 | Brilliance Aura |
| 14:50 | Rifleman |
| 14:50 | Rifleman |
| 14:52 | Sorceress |
| 15:09 | Arcane Vault |
| 15:48 | Rifleman |
| 16:40 | Crypt Fiend |
| 16:40 | Crypt Fiend |
| 16:40 | Crypt Fiend |
| 17:05 | Summon Water Elemental |
| 17:19 | Rifleman |
| 17:29 | Mass Teleport |
| 17:41 | Crypt Fiend |
| 19:14 | Peasant |
| 19:14 | Peasant |
| 19:14 | Peasant |
| 19:15 | Peasant |
| 19:16 | Peasant |
| 19:18 | Crypt Fiend |
| 19:20 | Crypt Fiend |
| 19:24 | Brilliance Aura |
| 19:46 | Rifleman |
| 19:47 | Rifleman |
| 19:59 | Sorceress |
| 20:18 | Crypt Fiend |
| 20:27 | Crypt Fiend |
| 20:34 | Scroll of Regeneration |
| 21:09 | Workshop |
| 21:12 | Workshop |
| 21:20 | Rifleman |
| 21:21 | Rifleman |
| 21:24 | Priest |
| 21:36 | Sorceress |
| 21:36 | Sorceress |
| 21:54 | Crypt Fiend |
| 21:55 | Crypt Fiend |
| 22:21 | Fragmentation Shards |
| 22:23 | Flare |
| 22:24 | Mortar Team |
| 22:25 | Mortar Team |
| 22:52 | Rifleman |
| 23:10 | Mortar Team |
| 23:26 | Mortar Team |
| 23:32 | Gargoyle |
| 23:34 | Crypt Fiend |
| 23:34 | Crypt Fiend |
| 23:40 | Mortar Team |
| 24:06 | Peasant |
| 24:06 | Peasant |
| 24:11 | Peasant |
| 26:03 | Unholy Aura |
| 26:19 | Blizzard |
| 27:41 | Rifleman |
| 27:41 | Rifleman |
| 28:18 | Mortar Team |
| 28:45 | Rifleman |
| Right click | 630 |
| Select | 612 |
| Build/train/purchase | 153 |
| Misc. action | 86 |
| Select group | 79 |
| Minimap ping | 21 |
| Chat | 16 |
| Use ability | 15 |
| Assign group | 14 |
| Remove unit | 2 |
| Item give/drop | 1 |



| Ivory Tower | 3 | 120 |
| Orb of Fire | 7 | 2275 |
| Staff of Sanctuary | 4 | 1000 |
| Scroll of Town Portal | 3 | 1050 |
| Boots of Speed | 3 | 750 |
| Potion of Lesser Invulnerability | 1 | 150 |
| Periapt of Vitality | 1 | 325 |
| Staff of Teleportation | 1 | 150 |
| total: | 23 | 5820g |
| Peasant | 29 | 2175 | / | 0 |
| Flying Machine | 21 | 2100 | / | 630 |
| Goblin Shredder | 2 | 750 | / | 200 |
| total: | 52 | 5025g | / | 830w |
| Scout Tower | 6 | 180 | / | 120 |
| Arcane Tower | 1 | 70 | / | 50 |
| Guard Tower | 9 | 630 | / | 450 |
| Altar of Kings | 1 | 180 | / | 50 |
| Farm | 8 | 640 | / | 160 |
| Lumber Mill | 1 | 120 | / | 0 |
| Blacksmith | 1 | 140 | / | 60 |
| Arcane Vault | 3 | 390 | / | 90 |
| Town Hall | 1 | 385 | / | 205 |
| Workshop | 3 | 420 | / | 420 |
| Keep | 2 | 640 | / | 420 |
| Castle | 1 | 360 | / | 210 |
| total: | 24 | 2455g | / | 1105w |
| 0:03 | Peasant |
| 0:03 | Peasant |
| 0:04 | Peasant |
| 0:04 | Peasant |
| 0:21 | Altar of Kings |
| 0:56 | Farm |
| 0:56 | Farm |
| 0:58 | Farm |
| 0:58 | Farm |
| 1:02 | Peasant |
| 1:04 | Peasant |
| 1:04 | Peasant |
| 1:13 | Lumber Mill |
| 2:04 | Peasant |
| 2:05 | Peasant |
| 2:05 | Peasant |
| 2:07 | Peasant |
| 2:07 | Peasant |
| 2:17 | Scout Tower |
| 2:18 | Scout Tower |
| 2:27 | Improved Masonry |
| 2:47 | Summon Water Elemental |
| 2:47 | Summon Water Elemental |
| 3:11 | Arcane Tower |
| 3:23 | Guard Tower |
| 3:25 | Keep |
| 3:29 | Blacksmith |
| 4:11 | Farm |
| 4:12 | Farm |
| 4:13 | Farm |
| 4:15 | Farm |
| 5:00 | Black Gunpowder |
| 5:00 | Studded Leather Armor |
| 5:00 | Reinforced Leather Armor |
| 5:23 | Goblin Shredder |
| 5:23 | Goblin Shredder |
| 5:37 | Arcane Vault |
| 6:06 | Castle |
| 6:44 | Storm Bolt |
| 7:43 | Workshop |
| 7:43 | Workshop |
| 7:45 | Workshop |
| 8:20 | Ivory Tower |
| 8:20 | Ivory Tower |
| 8:20 | Ivory Tower |
| 8:51 | Refined Gunpowder |
| 9:09 | Guard Tower |
| 9:11 | Guard Tower |
| 9:17 | Brilliance Aura |
| 9:24 | Town Hall |
| 9:28 | Scout Tower |
| 9:29 | Scout Tower |
| 9:39 | Peasant |
| 9:39 | Peasant |
| 9:39 | Peasant |
| 9:47 | Flak Cannons |
| 10:03 | Flying Machine Bombs |
| 10:10 | Scout Tower |
| 10:13 | Holy Light |
| 10:39 | Bash |
| 11:42 | Flying Machine |
| 11:43 | Flying Machine |
| 11:44 | Flying Machine |
| 11:48 | Arcane Vault |
| 11:50 | Arcane Vault |
| 11:56 | Imbued Gunpowder |
| 11:58 | Dragonhide Armor |
| 12:05 | Guard Tower |
| 12:17 | Orb of Fire |
| 12:24 | Staff of Sanctuary |
| 12:38 | Flying Machine |
| 13:08 | Guard Tower |
| 13:10 | Flying Machine |
| 13:10 | Flying Machine |
| 13:14 | Advanced Masonry |
| 14:17 | Divine Shield |
| 15:37 | Boots of Speed |
| 15:38 | Boots of Speed |
| 15:38 | Boots of Speed |
| 15:38 | Scroll of Town Portal |
| 15:39 | Potion of Lesser Invulnerability |
| 15:44 | Periapt of Vitality |
| 16:25 | Peasant |
| 16:25 | Peasant |
| 16:25 | Peasant |
| 16:25 | Peasant |
| 16:26 | Peasant |
| 16:33 | Flying Machine |
| 16:34 | Flying Machine |
| 17:36 | Scroll of Town Portal |
| 17:37 | Orb of Fire |
| 17:37 | Orb of Fire |
| 17:38 | Staff of Sanctuary |
| 17:42 | Staff of Sanctuary |
| 17:42 | Orb of Fire |
| 17:45 | Orb of Fire |
| 18:26 | Storm Bolt |
| 18:48 | Summon Water Elemental |
| 20:13 | Flying Machine |
| 20:13 | Flying Machine |
| 20:13 | Flying Machine |
| 20:13 | Flying Machine |
| 20:13 | Flying Machine |
| 20:13 | Flying Machine |
| 20:14 | Flying Machine |
| 20:14 | Flying Machine |
| 20:20 | Imbued Masonry |
| 20:23 | Scout Tower |
| 21:08 | Holy Light |
| 22:58 | Scroll of Town Portal |
| 22:59 | Staff of Sanctuary |
| 23:00 | Orb of Fire |
| 23:05 | Orb of Fire |
| 24:09 | Peasant |
| 24:09 | Peasant |
| 24:09 | Peasant |
| 24:09 | Peasant |
| 25:40 | Peasant |
| 25:41 | Peasant |
| 25:43 | Peasant |
| 25:44 | Peasant |
| 25:44 | Peasant |
| 26:03 | Staff of Teleportation |
| 26:08 | Guard Tower |
| 27:37 | Brilliance Aura |
| 28:17 | Flying Machine |
| 28:17 | Flying Machine |
| 28:17 | Flying Machine |
| 28:17 | Flying Machine |
| 28:18 | Flying Machine |
| Right click | 1590 |
| Select group | 1575 |
| Select | 348 |
| Misc. action | 221 |
| Build/train/purchase | 156 |
| Use ability | 64 |
| Assign group | 17 |
| Item give/drop | 6 |
| Minimap ping | 1 |


| Peasant | 9 | 675 | / | 0 |
| Footman | 13 | 1755 | / | 0 |
| Rifleman | 14 | 2870 | / | 420 |
| Priest | 12 | 1620 | / | 120 |
| Knight | 4 | 980 | / | 240 |
| total: | 52 | 7900g | / | 780w |
| Altar of Kings | 1 | 180 | / | 50 |
| Farm | 16 | 1280 | / | 320 |
| Lumber Mill | 1 | 120 | / | 0 |
| Blacksmith | 1 | 140 | / | 60 |
| Barracks | 1 | 160 | / | 60 |
| Town Hall | 1 | 385 | / | 205 |
| Arcane Sanctum | 1 | 150 | / | 140 |
| Keep | 1 | 320 | / | 210 |
| Castle | 1 | 360 | / | 210 |
| total: | 22 | 2415g | / | 835w |
| 0:13 | Peasant |
| 0:13 | Peasant |
| 0:44 | Keep |
| 1:12 | Altar of Kings |
| 2:17 | Farm |
| 2:56 | Farm |
| 3:05 | Peasant |
| 3:20 | Peasant |
| 3:39 | Farm |
| 3:44 | Devotion Aura |
| 4:01 | Lumber Mill |
| 4:27 | Flame Strike |
| 4:44 | Farm |
| 5:04 | Blacksmith |
| 5:21 | Farm |
| 5:37 | Peasant |
| 6:01 | Barracks |
| 6:17 | Black Gunpowder |
| 6:19 | Iron Forged Swords |
| 7:15 | Arcane Sanctum |
| 7:21 | Footman |
| 7:22 | Rifleman |
| 7:23 | Footman |
| 7:38 | Farm |
| 7:56 | Rifleman |
| 8:11 | Improved Lumber Harvesting |
| 8:22 | Farm |
| 8:28 | Farm |
| 8:34 | Footman |
| 8:55 | Long Rifles |
| 9:14 | Priest |
| 9:18 | Priest |
| 9:18 | Priest |
| 9:30 | Priest Adept Training |
| 9:39 | Priest |
| 9:40 | Priest |
| 9:48 | Farm |
| 10:17 | Farm |
| 10:24 | Rifleman |
| 10:24 | Footman |
| 10:25 | Rifleman |
| 11:23 | Castle |
| 11:43 | Rifleman |
| 12:30 | Rifleman |
| 12:30 | Footman |
| 12:31 | Rifleman |
| 14:03 | Refined Gunpowder |
| 14:04 | Studded Leather Armor |
| 14:27 | Town Hall |
| 15:21 | Divine Shield |
| 15:45 | Rifleman |
| 15:46 | Footman |
| 15:47 | Footman |
| 15:56 | Priest Master Training |
| 18:53 | Devotion Aura |
| 20:09 | Peasant |
| 20:09 | Peasant |
| 20:10 | Peasant |
| 20:10 | Peasant |
| 20:16 | Rifleman |
| 20:16 | Footman |
| 20:17 | Knight |
| 20:19 | Priest |
| 20:20 | Priest |
| 20:22 | Priest |
| 21:04 | Imbued Gunpowder |
| 21:30 | Rifleman |
| 22:05 | Rifleman |
| 22:06 | Footman |
| 22:07 | Footman |
| 22:16 | Reinforced Leather Armor |
| 22:31 | Rifleman |
| 22:43 | Footman |
| 22:49 | Priest |
| 23:38 | Knight |
| 23:42 | Sundering Blades |
| 23:46 | Steel Forged Swords |
| 23:48 | Iron Plating |
| 24:00 | Dragonhide Armor |
| 24:11 | Priest |
| 24:21 | Farm |
| 24:45 | Farm |
| 24:51 | Farm |
| 26:08 | Knight |
| 26:08 | Rifleman |
| 26:09 | Footman |
| 26:19 | Steel Plating |
| 26:53 | Farm |
| 26:59 | Farm |
| 27:06 | Farm |
| 27:56 | Rifleman |
| 27:56 | Footman |
| 27:57 | Knight |
| 28:03 | Priest |
| 28:05 | Priest |
| Select | 188 |
| Right click | 137 |
| Build/train/purchase | 77 |
| Select group | 52 |
| Use ability | 7 |
| Assign group | 5 |
| Remove unit | 3 |
⇛